SKY
OAKLAND ATHLETICS @ HOUSTON ASTROS
05/11/2052
 
TOP OF THE 1ST
Oakland Athletics batting - Pitching for Houston Astros : LHP Robert Stevenson
Pitching: LHP Robert Stevenson
Batting: RHB Isaiah Green 0-0: Called Strike
0-1: Ground out 3-1 (Groundball, 34S, EV 78.1 MPH)
Batting: RHB Ronald Londono 0-0: Ground out 6-3 (Groundball, 6, EV 104.4 MPH)
Batting: RHB George Siebert 0-0: SINGLE (Line Drive, 8LS, EV 93.8 MPH)
Batting: RHB Oliver Combs 0-0: Called Strike
0-1: Ball
1-1: Called Strike
1-2: Ball
2-2: Strikes out swinging
Top of the 1st over - 0 runs, 1 hit, 0 errors, 1 left on base; Oakland 0 - Houston 0
BOTTOM OF THE 1ST
Houston Astros batting - Pitching for Oakland Athletics : RHP Mickey Whitcomb
Pitching: RHP Mickey Whitcomb
Batting: RHB Nicky Alvarez 0-0: Ball
1-0: Ground out 6-3 (Groundball, 6, EV 91.3 MPH)
Batting: RHB Joshua Massengill 0-0: Ball
1-0: Foul Ball, location: 9LDF
1-1: Ball
2-1: Foul Ball, location: 25F
2-2: Strikes out swinging
Batting: RHB Stephan Davis 0-0: Ball
1-0: Foul Ball, location: 3FF
1-1: Foul Ball, location: 2F
1-2: Fly out, F8 (Flyball, 8RD, EV 105.0 MPH)
Bottom of the 1st over - 0 runs, 0 hits, 0 errors, 0 left on base; Oakland 0 - Houston 0
TOP OF THE 2ND
Oakland Athletics batting - Pitching for Houston Astros : LHP Robert Stevenson
Batting: RHB Isaac Cabarga 0-0: Ground out 5-3 (Groundball, 56S, EV 89.4 MPH)
Batting: RHB Jacob Hitchens 0-0: Ball
1-0: Foul Ball, location: 5F
1-1: Fly out, F9 (Flyball, 9, EV 91.3 MPH)
Batting: RHB Julio Jiménez 0-0: Foul Ball, location: 5SF
0-1: Ball
1-1: Foul Ball, location: 9LDF
1-2: Fly out, F7 (Flyball, 7LS, EV 96.3 MPH)
Top of the 2nd over - 0 runs, 0 hits, 0 errors, 0 left on base; Oakland 0 - Houston 0
BOTTOM OF THE 2ND
Houston Astros batting - Pitching for Oakland Athletics : RHP Mickey Whitcomb
Batting: RHB Bill Thyfault 0-0: Ball
1-0: Swinging Strike
1-1: Ball
2-1: Swinging Strike
2-2: Strikes out swinging
Batting: RHB Rick Howard 0-0: Ball
1-0: Foul Ball, location: 9LDF
1-1: Ball
2-1: DOUBLE (Line Drive, 7LD, EV 103.8 MPH)
Batting: LHB Caleb England 0-0: Ball
1-0: Ball
2-0: Foul Ball, location: 2F
2-1: Swinging Strike
2-2: Foul Ball, location: 2F
2-2: Strikes out swinging
Batting: RHB P.J. Sandino 0-0: Foul Ball, location: 2F
0-1: Foul Ball, location: 2F
0-2: Ball
1-2: Strikes out swinging
Bottom of the 2nd over - 0 runs, 1 hit, 0 errors, 1 left on base; Oakland 0 - Houston 0
TOP OF THE 3RD
Oakland Athletics batting - Pitching for Houston Astros : LHP Robert Stevenson
Batting: RHB Andrew Stewart 0-0: Ground out 2-3 (Groundball, 2L, EV 66.3 MPH)
Batting: LHB Harley Valles 0-0: Ball
1-0: Foul Ball, location: 7LDF
1-1: Foul Ball, location: 3DF
1-2: Ball
2-2: Strikes out swinging
Batting: RHB Isaiah Green 0-0: Called Strike
0-1: Ball
1-1: Ball
2-1: Foul Ball, location: 2F
2-2: Ball
3-2: Strikes out swinging
Top of the 3rd over - 0 runs, 0 hits, 0 errors, 0 left on base; Oakland 0 - Houston 0
BOTTOM OF THE 3RD
Houston Astros batting - Pitching for Oakland Athletics : RHP Mickey Whitcomb
Batting: LHB Austin Mitchell 0-0: Ball
1-0: Ball
2-0: Ball
3-0: Base on Balls
Batting: RHB Nick Burkard 0-0: Sac Bunt to P - play at first, batter OUT! 1-3
Austin Mitchell to second
Batting: RHB Nicky Alvarez 0-0: Ball
1-0: Foul Ball, location: 9LDF
1-1: Ground out 5-3 (Groundball, 56S, EV 95.0 MPH)
Batting: RHB Joshua Massengill 0-0: Ground out 5-3 (Groundball, 25, EV 88.8 MPH)
Bottom of the 3rd over - 0 runs, 0 hits, 0 errors, 1 left on base; Oakland 0 - Houston 0
TOP OF THE 4TH
Oakland Athletics batting - Pitching for Houston Astros : LHP Robert Stevenson
Batting: RHB Ronald Londono 0-0: Ball
1-0: Ball
2-0: SINGLE (Line Drive, 8RS, EV 91.3 MPH)
Batting: RHB George Siebert 0-0: Foul Ball, location: 2F
0-1: Foul Ball, location: 2F
0-2: Ball
1-2: Ball
2-2: SINGLE (Line Drive, 89M, EV 99.4 MPH)
Ronald Londono to second
Batting: RHB Oliver Combs 0-0: Foul Ball, location: 2F
0-1: Foul Ball, location: 23F
0-2: Ball
1-2: Foul Ball, location: 25FF
1-2: Ball
2-2: Strikes out swinging
Batting: RHB Isaac Cabarga 0-0: Called Strike
0-1: Swinging Strike
0-2: Ball
1-2: Fly out, F8 (Flyball, 8LM, EV 84.4 MPH)
Batting: RHB Jacob Hitchens 0-0: Called Strike
0-1: Fielders Choice at 2nd, 5-4 (Groundball, 56, EV 85.6 MPH)
Top of the 4th over - 0 runs, 2 hits, 0 errors, 2 left on base; Oakland 0 - Houston 0
BOTTOM OF THE 4TH
Houston Astros batting - Pitching for Oakland Athletics : RHP Mickey Whitcomb
Batting: RHB Stephan Davis 0-0: Ball
1-0: Foul Ball, location: 2F
1-1: SOLO HOME RUN (Flyball, 9D, EV 96.9 MPH), Distance : 394 ft
Batting: RHB Bill Thyfault 0-0: Ball
1-0: Called Strike
1-1: Foul Ball, location: 2F
1-2: Foul Ball, location: 2F
1-2: Ball
2-2: Strikes out swinging
Batting: RHB Rick Howard 0-0: Ball
1-0: Foul Ball, location: 2F
1-1: Ball
2-1: Called Strike
2-2: Strikes out swinging
Batting: LHB Caleb England 0-0: Ball
1-0: TRIPLE (Line Drive, 89XD, EV 102.5 MPH)
Batting: RHB P.J. Sandino 0-0: Ball
1-0: Called Strike
1-1: Ball
2-1: Ball
3-1: Base on Balls
Batting: LHB Austin Mitchell 0-0: Ball
1-0: Called Strike
1-1: Foul Ball, location: 2F
1-2: Ball
2-2: Fly out, F9 (Flyball, 9LM, EV 81.9 MPH)
Bottom of the 4th over - 1 run, 2 hits, 0 errors, 2 left on base; Oakland 0 - Houston 1
TOP OF THE 5TH
Oakland Athletics batting - Pitching for Houston Astros : LHP Robert Stevenson
Batting: RHB Julio Jiménez 0-0: Called Strike
0-1: Ball
1-1: Ball
2-1: SINGLE (Line Drive, 34D, EV 99.4 MPH)
Batting: RHB Andrew Stewart 0-0: Ball
1-0: Ball
2-0: Swinging Strike
2-1: Ball
Wild Pitch!
Julio Jiménez to second
3-1: Fly out, F6 (Popup, 6S, EV 84.4 MPH)
Batting: LHB Harley Valles 0-0: Ball
1-0: Ball
2-0: Ground out 5-3 (Groundball, 56, EV 105.6 MPH)
Batting: RHB Isaiah Green 0-0: Called Strike
0-1: Foul Ball, location: 25F
0-2: Ball
1-2: Strikes out swinging
Top of the 5th over - 0 runs, 1 hit, 0 errors, 1 left on base; Oakland 0 - Houston 1
BOTTOM OF THE 5TH
Houston Astros batting - Pitching for Oakland Athletics : RHP Mickey Whitcomb
Batting: RHB Nick Burkard 0-0: Ball
1-0: Called Strike
1-1: Foul Ball, location: 5FF
1-2: Foul Ball, location: 7LMF
1-2: Ball
2-2: Ground out 6-3 (Groundball, 6, EV 89.4 MPH)
Batting: RHB Nicky Alvarez 0-0: Ground out 6-3 (Groundball, 6, EV 88.8 MPH)
Batting: RHB Joshua Massengill 0-0: Ball
1-0: Ball
2-0: Called Strike
2-1: Fly out, F3 (Popup, 3F, EV 74.4 MPH)
Bottom of the 5th over - 0 runs, 0 hits, 0 errors, 0 left on base; Oakland 0 - Houston 1
TOP OF THE 6TH
Oakland Athletics batting - Pitching for Houston Astros : LHP Robert Stevenson
Batting: RHB Ronald Londono 0-0: Fly out, F7 (Flyball, 78S, EV 79.4 MPH)
Batting: RHB George Siebert 0-0: Foul Ball, location: 5F
0-1: Called Strike
0-2: Foul Ball, location: 3F
0-2: Strikes out swinging
Batting: RHB Oliver Combs 0-0: Called Strike
0-1: Ball
1-1: Ball
2-1: SINGLE (Flyball, 7S, EV 87.5 MPH)
Batting: RHB Isaac Cabarga 0-0: Ball
1-0: SINGLE (Groundball, 6MD, EV 100.0 MPH)
Oliver Combs to second
Batting: RHB Jacob Hitchens 0-0: Swinging Strike
0-1: Foul Ball, location: 3SF
0-2: Strikes out swinging
Top of the 6th over - 0 runs, 2 hits, 0 errors, 2 left on base; Oakland 0 - Houston 1
BOTTOM OF THE 6TH
Houston Astros batting - Pitching for Oakland Athletics : RHP Mickey Whitcomb
Batting: RHB Stephan Davis 0-0: Ball
1-0: Fly out, F8 (Flyball, 89XD, EV 99.4 MPH)
Batting: RHB Bill Thyfault 0-0: Fly out, F8 (Flyball, 8LXD, EV 98.8 MPH)
Batting: RHB Rick Howard 0-0: Swinging Strike
0-1: Swinging Strike
0-2: Ball
1-2: DOUBLE (Groundball, 5L, EV 108.8 MPH)
Batting: LHB Caleb England 0-0: Ground out 5-3 (Groundball, 56, EV 90.0 MPH)
Bottom of the 6th over - 0 runs, 1 hit, 0 errors, 1 left on base; Oakland 0 - Houston 1
TOP OF THE 7TH
Oakland Athletics batting - Pitching for Houston Astros : LHP Robert Stevenson
Batting: RHB Julio Jiménez 0-0: Called Strike
0-1: Swinging Strike
0-2: Ball
1-2: Ball
2-2: SINGLE (Line Drive, 89S, EV 101.3 MPH)
Batting: RHB Andrew Stewart 0-0: Foul Ball, location: 7LDF
0-1: Ball
1-1: Ball
2-1: Swinging Strike
2-2: Foul Ball, location: 2F
2-2: Ball
3-2: Base on Balls
Julio Jiménez to second
Batting: LHB Harley Valles 0-0: Ball
1-0: Ground out U3 (Groundball, 3, EV 103.8 MPH)
Julio Jiménez to third
Andrew Stewart to second
Batting: RHB Isaiah Green 0-0: Ball
1-0: Ball
2-0: Fly out, F7 (Flyball, 7, EV 87.5 MPH)
Batting: RHB Ronald Londono 0-0: Ball
1-0: Called Strike
1-1: Foul Ball, location: 3F
1-2: Strikes out swinging
Top of the 7th over - 0 runs, 1 hit, 0 errors, 2 left on base; Oakland 0 - Houston 1
BOTTOM OF THE 7TH
Houston Astros batting - Pitching for Oakland Athletics : RHP Mickey Whitcomb
Batting: RHB P.J. Sandino 0-0: Swinging Strike
0-1: Ball
1-1: Ball
2-1: Foul Ball, location: 3FF
2-2: Ball
3-2: Ground out 6-3 (Groundball, 6, EV 87.5 MPH)
Batting: LHB Austin Mitchell 0-0: Called Strike
0-1: Ball
1-1: Swinging Strike
1-2: Strikes out swinging
Batting: RHB Nick Burkard 0-0: Foul Ball, location: 25F
0-1: Ball
1-1: Ground out 5-3 (Groundball, 56, EV 78.1 MPH)
Bottom of the 7th over - 0 runs, 0 hits, 0 errors, 0 left on base; Oakland 0 - Houston 1
TOP OF THE 8TH
Oakland Athletics batting - Pitching for Houston Astros : LHP Robert Stevenson
Pitching: RHP Jason Miranda
Batting: RHB George Siebert 0-0: Called Strike
0-1: Ball
1-1: Swinging Strike
1-2: Foul Ball, location: 2F
1-2: Strikes out swinging
Pinch Hitting: LHB Walker Hogue 0-0: Called Strike
0-1: Fly out, F5 (Popup, 5SF, EV 86.3 MPH)
Batting: RHB Isaac Cabarga 0-0: Ball
1-0: Ball
2-0: Swinging Strike
2-1: Ball
3-1: Ground out 6-3 (Groundball, 6, EV 81.3 MPH)
Top of the 8th over - 0 runs, 0 hits, 0 errors, 0 left on base; Oakland 0 - Houston 1
BOTTOM OF THE 8TH
Houston Astros batting - Pitching for Oakland Athletics : RHP Mickey Whitcomb
Pitching: RHP Ayden Hendrix
Now at 1B: Walker Hogue
Batting: RHB Nicky Alvarez 0-0: Ball
1-0: Swinging Strike
1-1: SINGLE (Line Drive, 4D, EV 97.5 MPH)
Batting: RHB Joshua Massengill 0-0: Fly out, F8 (Flyball, 89D, EV 105.6 MPH)
Batting: RHB Stephan Davis 0-0: Ball
1-0: Foul Ball, location: 2F
1-1: Fly out, F9 (Flyball, 89D, EV 76.3 MPH)
Batting: RHB Bill Thyfault 0-0: Ball
1-0: Ground out 1-3 (Groundball, 34S, EV 74.4 MPH)
Bottom of the 8th over - 0 runs, 1 hit, 0 errors, 1 left on base; Oakland 0 - Houston 1
TOP OF THE 9TH
Oakland Athletics batting - Pitching for Houston Astros : RHP Jason Miranda
Batting: RHB Jacob Hitchens 0-0: Fly out, F9 (Flyball, 89XD, EV 104.4 MPH)
Pinch Hitting: LHB Gerardo Campos 0-0: Fly out, F5 (Popup, 56, EV 77.5 MPH)
Pinch Hitting: RHB Todd Stasiak 0-0: Ball
1-0: Ball
2-0: Called Strike
2-1: Ball
3-1: Called Strike
3-2: SINGLE (Line Drive, 89S, EV 96.9 MPH)
Batting: LHB Harley Valles 0-0: Ball
1-0: Called Strike
1-1: Called Strike
1-2: Strikes out swinging
Top of the 9th over - 0 runs, 1 hit, 0 errors, 1 left on base; Oakland 0 - Houston 1
Saturday, April 20th , 2024 - OOTP Baseball 24.11 Build 85